 Dungeon Crawl Stone Soup version 0.19-a0-1438-g932844a (webtiles) character file.

344 Andriotis the Digger (level 6, -3/32 HPs)
             Began as a Gargoyle Earth Elementalist on Sept 5, 2016.
             Slain by a human zombie (6 damage)
             ... in an ossuary.
             The game lasted 00:16:51 (4676 turns).

Andriotis the Digger (Gargoyle Earth Elementalist)  Turns: 4676, Time: 00:16:52

Health: -3/32      AC:  8    Str: 11    XL:     6   Next: 58%
Magic:  3/13       EV: 17    Int: 18    God:
Gold:   163        SH:  0    Dex: 15    Spells: 3 memorised, 5 levels left

rFire  . . .     SeeInvis .     (no weapon)
rCold  + . .     Gourm    .     c - +0 robe
rNeg   + . .     Faith    .     (no shield)
rPois  ∞         Spirit   .     l - +0 helmet
rElec  +         Dismiss  .     (no cloak)
rCorr  +         Reflect  .     k - +0 pair of gloves
MR     .....     Harm     .     (no boots)
Stlth  +++.......               (no amulet)
                                f - ring of resist corrosion
                                t - ring of protection from cold

@: agile
A: negative energy resistance 1, electricity resistance, unbreathing,
petrification resistance, rot immunity, AC +4
a: no special abilities


You were in an ossuary.
You were not hungry.

You visited 2 branches of the dungeon, and saw 5 of its levels.
You also visited: Ossuary.

You collected 163 gold pieces.

Inventory:

Hand Weapons
 i - a +0 whip
 j - a +0 dagger
 q - a +0 spear
Armour
 c - a +0 robe (worn)
 k - a +0 pair of gloves (worn)
 l - a +0 helmet (worn)
Jewellery
 f - a ring of resist corrosion (right hand)
 t - a ring of protection from cold (left hand)
Scrolls
 o - a scroll of remove curse
 s - a scroll of enchant weapon {unknown}
Potions
 a - a potion of magic
 g - a potion of cure mutation {unknown}
 m - a potion of agility
 n - a potion of resistance {unknown}
 p - 2 potions of invisibility {unknown}
 r - a potion of curing {unknown}
 u - a potion of might {unknown}
 v - a potion of flight {unknown}
Books
 e - a book of Geomancy

   Spells                             Type                      Level
   a - Sandblast                      Earth                        1
   b - Passwall                       Transmutation/Earth          2
   c - Stone Arrow                    Conjuration/Earth            3
   d - Petrify                        Transmutation/Earth          4
   e - Lee's Rapid Deconstruction     Earth                        5
Comestibles
 d - 2 bread rations


   Skills:
 - Level 1.5 Dodging
 - Level 2.1 Stealth
 * Level 4.8 Spellcasting
 + Level 2.6 Conjurations
   Level 0.7 Transmutations
 + Level 5.3 Earth Magic


You had 5 spell levels left.
You knew the following spells:

 Your Spells              Type           Power        Failure   Level  Hunger
a - Sandblast             Erth           ###...       1%          1    None
b - Stone Arrow           Conj/Erth      ###...       10%         3    ###....
c - Lee's Rapid Deconstr  Erth           ###.......   41%         5    ######.


Dungeon Overview and Level Annotations

Branches:
Dungeon (4/15)             Temple (1/1) D:4

Altars:
Fedhas
Gozag
Hepliaklqana
Kikubaaqudgha
Nemelex Xobeh
Okawaru
Sif Muna
Uskayaw
Zin


Innate Abilities, Weirdness & Mutations

You are resistant to torment.
Your stone body is resilient. (AC +4)
You are immune to poison.
You resist negative energy. (rN+)
You are resistant to electric shocks. (rElec)
You can survive without breathing.
You are immune to petrification.
You are immune to rotting.


Message History

Aim: a human zombie (moderately damaged)
The blast of sand hits the human zombie.
The human zombie is moderately damaged.
The big kobold zombie closely misses you.
Casting: Sandblast
Confirm with . or Enter, or press ? or * to list all spells.
Aiming: Sandblast
Press: ? - help, Shift-Dir - straight line, f/p - human zombie
Aim: a human zombie (moderately damaged)
The blast of sand hits the human zombie.
The human zombie is moderately damaged.
Casting: Sandblast
Confirm with . or Enter, or press ? or * to list all spells.
Aiming: Sandblast
Press: ? - help, Shift-Dir - straight line, f/p - human zombie
Aim: a human zombie (moderately damaged)
The blast of sand hits the human zombie.
The human zombie is moderately damaged.
The human zombie hits you.
You die...

#...#.......####.#...#
#...#.......# #...#
#...#.......# #...#
#...#.....∩.# #...#
#.Z.####+.... #...#
#.ZZ# #...# #...#
#...# #...#
#...##############...#
#...........ZZ@......#
#.........∩∩.Z.......#
######################


You could see a big kobold zombie and 2 human zombies.

Vanquished Creatures
  An orc wizard (D:3)
  An orc priest (D:3)
  Terence (D:2)
  An iguana (D:4)
  A worker ant (D:4)
  A big kobold zombie (Ossuary)
  11 adders
  An adder zombie (Ossuary)
  2 dart slugs
  2 giant geckos
  6 orcs
  A ball python (D:2)
  4 giant cockroaches (D:3)
  3 goblins (D:1)
  7 hobgoblins
  6 jackals (D:1)
  8 kobolds
  A quokka (D:3)
  6 bats
  A giant newt (D:2)
  6 hobgoblin zombies (Ossuary)
  A jackal zombie (Ossuary)
  9 kobold zombies (Ossuary)
  7 orc zombies (Ossuary)
  5 rats
  A rat zombie (Ossuary)
94 creatures vanquished.

Notes
Turn   | Place    | Note
-------+----------+-------------------------------------------
     0 | D:1      | Andriotis the Gargoyle Earth Elementalist began the quest for the Orb.
     0 | D:1      | Reached XP level 1. HP: 10/10 MP: 3/3
   307 | D:1      | Reached XP level 2. HP: 15/15 MP: 3/5
   548 | D:1      | Reached skill level 4 in Earth Magic
  1092 | D:2      | Reached XP level 3. HP: 19/19 MP: 5/7
  1097 | D:2      | Learned a level 3 spell: Stone Arrow
  1451 | D:2      | Reached XP level 4. HP: 24/24 MP: 5/8
  1525 | D:2      | Noticed Terence
  1546 | D:2      | Reached skill level 1 in Conjurations
  1672 | D:2      | Killed Terence
  2139 | D:3      | Reached XP level 5. HP: 25/28 MP: 5/10
  2237 | D:3      | Reached skill level 5 in Earth Magic
  2479 | D:3      | Learned a level 5 spell: Lee's Rapid Deconstruction
  2532 | D:3      | Reached XP level 6. HP: 31/32 MP: 7/12
  3372 | D:4      | Found a staircase to the Ecumenical Temple.
  3379 | Temple   | Entered the Ecumenical Temple
  3868 | D:4      | Found a sand-covered staircase.
  3873 | Ossuary  | Entered an ossuary
  4676 | Ossuary  | Slain by a human zombie

Vault maps used:
D:1:      dpeg_arrival_circle_labyrinth_a
D:2:      uniq_terence
D:4:      minitemple, first_bread, enter_ossuary_2
Temple:   nicolae_temple_figure_zero
Ossuary:  ossuary_tomb_1

Skill      XL: |  1  2  3  4  5 |
---------------+----------------+-----
Earth Magic    | 4 5 |  5.3
Spellcasting   | 3 4 |  4.8
Conjurations   | 1 2 |  2.6
Dodging        | |  1.5
Stealth        | |  2.1
Transmutations | |  0.7

Action                   |  1- 3 |  4- 6 || total
-------------------------+-------+-------++-------
Melee: Whip              |     5 |   138 ||   143
 Cast: Sandblast         |    48 |    93 ||   141
       Stone Arrow       |       |     3 ||     3
  Use: Scroll            |       |     6 ||     6
       Potion            |       |     2 ||     2
 Stab: Sleeping          |       |     2 ||     2
  Eat: Chunk             |     2 |     7 ||     9
       Bread ration      |       |     1 ||     1
       Pizza             |       |     1 ||     1
Armor: Robe              |    13 |    90 ||   103
Dodge: Dodged            |    13 |   147 ||   160
